| TOP OF THE 1ST |
|
Rochester Red Wings batting - Pitching for Louisville Stallions : RHP Jerry Ujdur
|
|
Pitching: RHP Jerry Ujdur
|
|
|
Batting: RHB Marty G Barrett
|
0-0: Ball 1-0: Foul Ball, location: 2F 1-1: Ground out 6-3 (Groundball, 6, EV 106.9 MPH)
|
|
Batting: LHB Ed Amelung
|
0-0: Fly out, F7 (Flyball, 78M, EV 90.0 MPH)
|
|
Batting: SHB Jordan Ayala
|
0-0: Foul Ball, location: 2F 0-1: Ball 1-1: Ball 2-1: Ball 3-1: Fly out, F6 (Popup, 6MS, EV 64.4 MPH)
|
| Top of the 1st over - 0 runs, 0 hits, 0 errors, 0 left on base; Rochester 0 - Louisville 0 |
| BOTTOM OF THE 1ST |
|
Louisville Stallions batting - Pitching for Rochester Red Wings : LHP Alex Gonzales
|
|
Pitching: LHP Alex Gonzales
|
|
|
Batting: SHB Harry Chappas
|
0-0: Called Strike 0-1: Foul Ball, location: 2F 0-2: Ground out 6-3 (Groundball, 6, EV 98.1 MPH)
|
|
Batting: LHB Steven Mobberley
|
0-0: SINGLE (Flyball, 78S, EV 93.8 MPH)
|
|
Batting: LHB Mauricio Gracia
|
0-0: Called Strike 0-1: Ball 1-1: Foul Ball, location: 2F 1-2: Fielders Choice at 2nd, 6-4 (Groundball, 56, EV 76.3 MPH)
|
|
Batting: RHB Devin Pike
|
0-0: Ball 1-0: Ball 2-0: Ball 3-0: Called Strike 3-1: Foul Ball, location: 2F 3-2: SINGLE (Line Drive, 56D, EV 93.8 MPH) Mauricio Gracia to second Mauricio Gracia to third
|
|
Batting: LHB Lawrence Grahek
|
0-0: Called Strike 0-1: Ball 1-1: Ball 2-1: Foul Ball, location: 2F 2-2: Strikes out swinging
|
| Bottom of the 1st over - 0 runs, 2 hits, 0 errors, 2 left on base; Rochester 0 - Louisville 0 |
| TOP OF THE 2ND |
|
Rochester Red Wings batting - Pitching for Louisville Stallions : RHP Jerry Ujdur
|
|
Batting: RHB Gerry Davis
|
0-0: Called Strike 0-1: Foul Ball, location: 2F 0-2: Ball 1-2: Foul Ball, location: 2F 1-2: SINGLE (Line Drive, 4MD, EV 95.0 MPH)
|
|
Batting: RHB Pat Casey
|
0-0: Ball 1-0: Ball Gerry Davis steals 2nd base 2-0: Called Strike 2-1: Fly out, F9 (Flyball, 9, EV 88.1 MPH)
|
|
Batting: RHB Chris Johnston
|
0-0: Ball 1-0: Ball 2-0: Swinging Strike 2-1: Fly out, F9 (Flyball, 9, EV 86.3 MPH)
|
|
Batting: LHB Dave Falcone
|
0-0: Called Strike 0-1: Foul Ball, location: 2F 0-2: Ball 1-2: DOUBLE (Line Drive, 8LXD, EV 101.3 MPH) Gerry Davis scores
|
|
Batting: RHB Tom Brookens
|
0-0: Foul Ball, location: 2F 0-1: Ground out 6-3 (Groundball, 6, EV 106.3 MPH)
|
| Top of the 2nd over - 1 run, 2 hits, 0 errors, 1 left on base; Rochester 1 - Louisville 0 |
| BOTTOM OF THE 2ND |
|
Louisville Stallions batting - Pitching for Rochester Red Wings : LHP Alex Gonzales
|
|
Batting: RHB Gordy Hodgson
|
0-0: Ball 1-0: Called Strike 1-1: Ball 2-1: Ball 3-1: Base on Balls
|
|
Batting: LHB Joe Lefebvre
|
0-0: Swinging Strike 0-1: Swinging Strike 0-2: Strikes out swinging
|
|
Batting: LHB John Tucker
|
0-0: Ground out 3-1 (Groundball, 13, EV 80.6 MPH) Gordy Hodgson to second
|
|
Batting: RHB Kiko Garcia
|
0-0: Ground out U3 (Groundball, 3S, EV 90.6 MPH)
|
| Bottom of the 2nd over - 0 runs, 0 hits, 0 errors, 1 left on base; Rochester 1 - Louisville 0 |
| TOP OF THE 3RD |
|
Rochester Red Wings batting - Pitching for Louisville Stallions : RHP Jerry Ujdur
|
|
Batting: RHB Jerry Dybzinski
|
0-0: Called Strike 0-1: Called Strike 0-2: Ground out 5-3 (Groundball, 5, EV 94.4 MPH)
|
|
Batting: RHB Marty G Barrett
|
0-0: Ball 1-0: Fly out, F8 (Flyball, 8RD, EV 101.9 MPH)
|
|
Batting: LHB Ed Amelung
|
0-0: Ground out U3 (Groundball, 3L, EV 86.9 MPH)
|
| Top of the 3rd over - 0 runs, 0 hits, 0 errors, 0 left on base; Rochester 1 - Louisville 0 |
| BOTTOM OF THE 3RD |
|
Louisville Stallions batting - Pitching for Rochester Red Wings : LHP Alex Gonzales
|
|
Batting: SHB Harry Chappas
|
0-0: Ball 1-0: Called Strike 1-1: Ball 2-1: Foul Ball, location: 2F 2-2: Ball 3-2: Fly out, F9 (Flyball, 89M, EV 90.6 MPH)
|
|
Batting: LHB Steven Mobberley
|
0-0: Foul Ball, location: 2F 0-1: Ball 1-1: SINGLE (Line Drive, 34D, EV 98.8 MPH)
|
|
Batting: LHB Mauricio Gracia
|
0-0: Fly out, F7 (Flyball, 7, EV 91.9 MPH)
|
|
Batting: RHB Devin Pike
|
0-0: Called Strike 0-1: Ball 1-1: Ball 2-1: Called Strike 2-2: Ball 3-2: Fly out, F8 (Flyball, 8RD, EV 75.6 MPH)
|
| Bottom of the 3rd over - 0 runs, 1 hit, 0 errors, 1 left on base; Rochester 1 - Louisville 0 |
| TOP OF THE 4TH |
|
Rochester Red Wings batting - Pitching for Louisville Stallions : RHP Jerry Ujdur
|
|
Batting: SHB Jordan Ayala
|
0-0: Foul Ball, location: 2F 0-1: SINGLE (Groundball, 6D, EV 96.9 MPH)
|
|
Batting: RHB Gerry Davis
|
0-0: Foul Ball, location: 2F 0-1: DOUBLE (Line Drive, 78D, EV 105.6 MPH) Jordan Ayala to third
|
|
Batting: RHB Pat Casey
|
0-0: Ball 1-0: Fly out, F9 (Flyball, 9S, EV 91.9 MPH)
|
|
Batting: RHB Chris Johnston
|
0-0: Swinging Strike 0-1: Ball 1-1: Ball 2-1: Ball 3-1: Ground out 4-3 (Groundball, 4, EV 82.5 MPH) Jordan Ayala scores Gerry Davis to third
|
|
Batting: LHB Dave Falcone
|
0-0: Called Strike 0-1: Ball 1-1: Swinging Strike 1-2: Ball 2-2: Strikes out looking
|
| Top of the 4th over - 1 run, 2 hits, 0 errors, 1 left on base; Rochester 2 - Louisville 0 |
| BOTTOM OF THE 4TH |
|
Louisville Stallions batting - Pitching for Rochester Red Wings : LHP Alex Gonzales
|
|
Batting: LHB Lawrence Grahek
|
0-0: Called Strike 0-1: Called Strike 0-2: Foul Ball, location: 2F 0-2: Strikes out swinging
|
|
Batting: RHB Gordy Hodgson
|
0-0: Called Strike 0-1: Ball 1-1: Ball 2-1: Called Strike 2-2: Foul Ball, location: 2F 2-2: Ground out 5-3 (Groundball, 56S, EV 86.3 MPH)
|
|
Batting: LHB Joe Lefebvre
|
0-0: Called Strike 0-1: Ball 1-1: Called Strike 1-2: Ball 2-2: Fly out, F7 (Flyball, 78M, EV 85.0 MPH)
|
| Bottom of the 4th over - 0 runs, 0 hits, 0 errors, 0 left on base; Rochester 2 - Louisville 0 |
| TOP OF THE 5TH |
|
Rochester Red Wings batting - Pitching for Louisville Stallions : RHP Jerry Ujdur
|
|
Batting: RHB Tom Brookens
|
0-0: Fly out, F5 (Popup, 6S, EV 81.9 MPH)
|
|
Batting: RHB Jerry Dybzinski
|
0-0: Fly out, F9 (Flyball, 89D, EV 105.0 MPH)
|
|
Batting: RHB Marty G Barrett
|
0-0: Foul Ball, location: 2F 0-1: SOLO HOME RUN (Flyball, 78XD, EV 95.0 MPH), Distance : 401 ft
|
|
Batting: LHB Ed Amelung
|
0-0: Called Strike 0-1: Foul Ball, location: 2F 0-2: Strikes out swinging
|
| Top of the 5th over - 1 run, 1 hit, 0 errors, 0 left on base; Rochester 3 - Louisville 0 |
| BOTTOM OF THE 5TH |
|
Louisville Stallions batting - Pitching for Rochester Red Wings : LHP Alex Gonzales
|
|
Batting: LHB John Tucker
|
0-0: Ball 1-0: Ground out 4-3 (Groundball, 4M, EV 103.1 MPH)
|
|
Batting: RHB Kiko Garcia
|
0-0: Foul Ball, location: 2F 0-1: Foul Ball, location: 2F 0-2: Ground out 5-3 (Groundball, 5, EV 86.9 MPH)
|
|
Batting: SHB Harry Chappas
|
0-0: Ball 1-0: Called Strike 1-1: Fly out, F8 (Flyball, 8RD, EV 92.5 MPH)
|
| Bottom of the 5th over - 0 runs, 0 hits, 0 errors, 0 left on base; Rochester 3 - Louisville 0 |
| TOP OF THE 6TH |
|
Rochester Red Wings batting - Pitching for Louisville Stallions : RHP Jerry Ujdur
|
|
Batting: SHB Jordan Ayala
|
0-0: Called Strike 0-1: Ball 1-1: Ball 2-1: Fly out, F6 (Popup, 6, EV 79.4 MPH)
|
|
Batting: RHB Gerry Davis
|
0-0: Called Strike 0-1: Ball 1-1: SINGLE (Line Drive, 78M, EV 90.0 MPH)
|
|
Batting: RHB Pat Casey
|
0-0: Ball 1-0: Foul Ball, location: 2F 1-1: Ball Pickoff Throw to First - Out! 1-3 2-1: Fly out, F9 (Flyball, 89D, EV 100.0 MPH)
|
| Top of the 6th over - 0 runs, 1 hit, 0 errors, 0 left on base; Rochester 3 - Louisville 0 |
| BOTTOM OF THE 6TH |
|
Louisville Stallions batting - Pitching for Rochester Red Wings : LHP Alex Gonzales
|
|
Batting: LHB Steven Mobberley
|
0-0: Ball 1-0: SINGLE (Groundball, 6MD, EV 110.6 MPH)
|
|
Batting: LHB Mauricio Gracia
|
0-0: Foul Ball, location: 2F 0-1: Ball 1-1: SINGLE (Line Drive, 7S, EV 92.5 MPH) Steven Mobberley to second
|
|
Batting: RHB Devin Pike
|
0-0: Grounds into double play, 6-4-3 (Groundball, 6, EV 90.0 MPH) Steven Mobberley to third
|
|
Batting: LHB Lawrence Grahek
|
0-0: Foul Ball, location: 2F 0-1: Foul Ball, location: 2F 0-2: Strikes out swinging
|
| Bottom of the 6th over - 0 runs, 2 hits, 0 errors, 1 left on base; Rochester 3 - Louisville 0 |
| TOP OF THE 7TH |
|
Rochester Red Wings batting - Pitching for Louisville Stallions : RHP Jerry Ujdur
|
|
Batting: RHB Chris Johnston
|
0-0: Ball 1-0: Called Strike 1-1: Ball 2-1: Foul Ball, location: 2F 2-2: Foul Ball, location: 2F 2-2: Ball 3-2: Strikes out looking
|
|
Batting: LHB Dave Falcone
|
0-0: Swinging Strike 0-1: Ball 1-1: Swinging Strike 1-2: Strikes out swinging
|
|
Batting: RHB Tom Brookens
|
0-0: Called Strike 0-1: Foul Ball, location: 2F 0-2: Ball 1-2: Ball 2-2: Foul Ball, location: 2F 2-2: Strikes out swinging
|
| Top of the 7th over - 0 runs, 0 hits, 0 errors, 0 left on base; Rochester 3 - Louisville 0 |
| BOTTOM OF THE 7TH |
|
Louisville Stallions batting - Pitching for Rochester Red Wings : LHP Alex Gonzales
|
|
Batting: RHB Gordy Hodgson
|
0-0: Ball 1-0: Called Strike 1-1: Swinging Strike 1-2: Foul Ball, location: 2F 1-2: Strikes out swinging
|
|
Batting: LHB Joe Lefebvre
|
0-0: Ground out 4-3 (Groundball, 34D, EV 89.4 MPH)
|
|
Batting: LHB John Tucker
|
0-0: Ball 1-0: Ground out 4-3 (Groundball, 4, EV 101.3 MPH)
|
| Bottom of the 7th over - 0 runs, 0 hits, 0 errors, 0 left on base; Rochester 3 - Louisville 0 |
| TOP OF THE 8TH |
|
Rochester Red Wings batting - Pitching for Louisville Stallions : RHP Jerry Ujdur
|
|
Batting: RHB Jerry Dybzinski
|
0-0: Ball 1-0: Ball 2-0: Ball 3-0: Called Strike 3-1: Called Strike 3-2: SINGLE (Groundball, 56S, EV 68.8 MPH) (infield hit)
|
|
Batting: RHB Marty G Barrett
|
0-0: Called Strike 0-1: Sac Bunt to 13S - play at first, batter OUT! 1-3 Jerry Dybzinski to second
|
|
Batting: LHB Ed Amelung
|
0-0: Called Strike Jerry Dybzinski steals 3rd base 0-1: Ball 1-1: Foul Ball, location: 2F 1-2: Foul Ball, location: 2F 1-2: Ball 2-2: Fly out, F3 (Flyball, 3D, EV 78.1 MPH)
|
|
Batting: SHB Jordan Ayala
|
0-0: Swinging Strike 0-1: Foul Ball, location: 2F 0-2: Ball 1-2: Fly out, F9 (Flyball, 9S, EV 92.5 MPH)
|
| Top of the 8th over - 0 runs, 1 hit, 0 errors, 1 left on base; Rochester 3 - Louisville 0 |
| BOTTOM OF THE 8TH |
|
Louisville Stallions batting - Pitching for Rochester Red Wings : LHP Alex Gonzales
|
|
Now in CF: Mario Delgado
|
|
|
Batting: RHB Kiko Garcia
|
0-0: Ball 1-0: Ground out 5-3 (Groundball, 5, EV 88.8 MPH)
|
|
Batting: SHB Harry Chappas
|
0-0: Ball 1-0: Foul Ball, location: 2F 1-1: Fly out, F5 (Line Drive, 5, EV 65.0 MPH)
|
|
Batting: LHB Steven Mobberley
|
0-0: Ground out U3 (Groundball, 3, EV 81.9 MPH)
|
| Bottom of the 8th over - 0 runs, 0 hits, 0 errors, 0 left on base; Rochester 3 - Louisville 0 |
| TOP OF THE 9TH |
|
Rochester Red Wings batting - Pitching for Louisville Stallions : RHP Jerry Ujdur
|
|
Batting: RHB Gerry Davis
|
0-0: Fly out, F4 (Popup, 34D, EV 53.1 MPH)
|
|
Batting: RHB Pat Casey
|
0-0: Ball 1-0: Ground out 5-3 (Groundball, 5D, EV 102.5 MPH)
|
|
Batting: RHB Chris Johnston
|
0-0: Called Strike 0-1: Ball 1-1: Foul Ball, location: 2F 1-2: Ball 2-2: Strikes out swinging
|
| Top of the 9th over - 0 runs, 0 hits, 0 errors, 0 left on base; Rochester 3 - Louisville 0 |
| BOTTOM OF THE 9TH |
|
Louisville Stallions batting - Pitching for Rochester Red Wings : LHP Alex Gonzales
|
|
Batting: LHB Mauricio Gracia
|
0-0: Ball 1-0: Swinging Strike 1-1: Ball 2-1: SINGLE (Flyball, 56D, EV 85.0 MPH)
|
|
Batting: RHB Devin Pike
|
0-0: Ball 1-0: Fly out, F8 (Flyball, 8RS, EV 90.6 MPH)
|
|
Batting: LHB Lawrence Grahek
|
0-0: Ball 1-0: Grounds into double play, 6-4-3 (Groundball, 6, EV 107.5 MPH)
|
| Bottom of the 9th over - 0 runs, 1 hit, 0 errors, 0 left on base; Rochester 3 - Louisville 0 |
|